AoeStats
← Iwwan

Arabia

510230097Analyzed
1v1 RM · 19h ago on Sep 30, 2026· 22m 14s· 2 players
Game mode
Random Map
Map size
Tiny (2 player)
Population
200
Speed
Normal
Resources
Standard
Victory
Conquest
Starting age
Dark Age
Ending age
Imperial Age
RankedLock teamsTeams togetherTeam positionsShared explorationLock speedFull tech treeHidden civsTurbo modeCheats
Victory
Defeat
🇦🇺 Ethiopians · Australia
1011
+15
🇦🇺 Italians · Australia
1000
-45
Iwwan
13:16 Feudal Age
13:30 Feudal Age
14:47 Double-Bit Axe
14:46 Horse Collar
17:46 Wheelbarrow
Thorag
10:33 Feudal Age
8:51 Loom
13:58 Fletching
16:05 Gold Mining
16:47 Double-Bit Axe
20:32 Horse Collar
24:25 Castle Age
Connection lost

Rejoining the realm…

Still unreachable

The connection could not be restored.

Session expired

The server has moved on; the page needs a fresh start.